Map: [TLMC19] El Dorado

Players

ShoWTimE

  • Race: Protoss Protoss
  • Spawn Location: 5:00

YouTubeMan (uThermal) - Winner!

  • Race: Terran Terran
  • Spawn Location: 7:00

VOD

Have the link to the VOD?

Description

Time

  • Played on: Dec. 21, 2023, 10:55 a.m.
  • Length: 11:35
Show
View Real Time Build Order
Export as new Build Order

ShoWTimE Protoss 

Build Orders: 1 Gate Expand, Phoenix Opening 

Get SALT Encoding   

  12  0:00  Probe  
  13  0:12  Probe  
  14  0:18  Pylon  
  14  0:24  Probe (Chrono Boost)  
  15  0:36  Probe (Chrono Boost)  
  15  0:39  Gateway  
  16  0:45  Probe (Chrono Boost)  
  16  0:47  Assimilator  
  17  0:51  Probe  
  18  1:03  Probe  
  19  1:15  Probe  
  20  1:27  Cybernetics Core  
  20  1:36  Nexus  
  20  1:40  Probe  
  20  1:46  Pylon  
  21  1:52  Probe  
  22  1:54  Assimilator  
  22  2:02  Adept (Chrono Boost)  
  22  2:04  Probe  
  25  2:16  Probe  
  26  2:24  Stargate  
  26  2:25  Adept (Chrono Boost)  
  26  2:28  Probe  
  29  2:38  Shield Battery  
  29  2:40  Warp Gate, Probe  
  30  2:50  Adept  
  32  2:52  Probe  
  32  2:54  Probe  
  34  3:05  Probe  
  35  3:07  Phoenix (Chrono Boost), Probe  
  38  3:17  Probe  
  38  3:19  Probe  
  38  3:23  Stalker  
  40  3:29  Probe  
  40  3:30  Phoenix (Chrono Boost)  
  41  3:35  Shield Battery  
  41  3:36  Probe  
  42  3:42  Shield Battery  
  42  3:48  Phoenix (Chrono Boost)  
  42  3:53  Probe  
  43  3:56  Probe  
  43  3:59  Pylon  
  44  4:05  Probe  
  44  4:08  Probe  
  46  4:18  Robotics Facility  
  46  4:19  Probe  
  46  4:20  Probe  
  46  4:23  Assimilator  
  48  4:26  Assimilator  
  48  4:29  Pylon  
  48  4:31  Probe  
  48  4:32  Probe  
  48  4:33  Phoenix  
  52  4:43  Probe  
  52  4:45  Probe  
  54  4:52  Gateway  
  54  4:55  Gateway, Probe  
  54  4:57  Probe  
  56  5:01  Phoenix  
  58  5:07  Probe  
  58  5:09  Probe  
  58  5:11  Robotics Bay  
  58  5:12  Observer (Chrono Boost)  
  61  5:19  Probe  
  62  5:25  Pylon  
  62  5:33  Pylon  
  62  5:41  Immortal (Chrono Boost)  
  62  5:42  Nexus  
  62  5:45  Pylon  
  62  5:49  Sentry  
  68  5:58  Phoenix  
  68  6:03  Probe x2, Pylon  
  72  6:09  Colossus (Chrono Boost)  
  72  6:15  Sentry  
  72  6:17  Extended Thermal Lance  
  80  6:18  Pylon  
  80  6:20  Probe x2  
  80  6:23  Zealot  
  80  6:24  Zealot  
  86  6:32  Probe x2  
  88  6:33  Observer, Phoenix  
  88  6:38  Shield Battery  
  90  6:44  Probe x2  
  90  6:46  Forge  
  92  6:50  Colossus (Chrono Boost)  
  98  6:58  Twilight Council  
  98  7:02  Probe x3  
  101  7:09  Gateway  
  101  7:11  Gateway  
  101  7:14  Probe  
  102  7:15  Gateway  
  102  7:18  Protoss Ground Weapons Level 1 (Chrono Boost)  
  102  7:19  Gateway  
  102  7:31  Zealot x3  
  102  7:35  Phoenix  
  109  7:39  Charge (Chrono Boost), Colossus (Chrono Boost)  
  114  7:52  Pylon  
  114  7:54  Probe  
  114  7:55  Probe x2  
  113  8:04  Pylon  
  112  8:06  Probe  
  112  8:07  Observer, Probe  
  112  8:08  Probe  
  115  8:15  Zealot x3  
  115  8:18  Probe  
  115  8:19  Probe  
  123  8:20  Probe  
  123  8:22  Templar Archives  
  124  8:28  Colossus (Chrono Boost)  
  130  8:34  Zealot  
  130  8:35  Pylon  
  130  8:36  Pylon  
  130  8:39  Pylon  
  130  8:40  Shield Battery, Probe  
  133  8:45  Assimilator  
  133  8:49  Assimilator  
  133  8:53  Probe x2  
  135  8:56  Zealot x4  
  135  8:59  Probe  
  135  9:00  Pylon  
  144  9:05  Probe x2  
  146  9:12  Zealot x3  
  146  9:15  Immortal (Chrono Boost)  
  154  9:31  Pylon  
  154  9:32  Probe  
  154  9:35  High Templar x2, Phoenix  
  154  9:36  Zealot  
  154  9:37  Zealot x2  
  165  9:41  Archon, Pylon  
  165  9:46  Nexus  
  165  9:49  Warp Prism (Chrono Boost)  
  165  9:59  Shield Battery  
  167  10:01  Pylon  
  167  10:03  High Templar x2  
  171  10:07  Forge  
  171  10:09  Archon, Pylon  
  171  10:17  High Templar  
  171  10:18  Zealot x3, High Templar  
  179  10:24  Archon  
  179  10:29  Photon Cannon  
  179  10:34  Gateway, Probe x3  
  180  10:41  Immortal (Chrono Boost)  
  180  10:46  Probe x2  
  180  10:47  High Templar  
  180  10:48  Zealot x3, High Templar  
  194  11:02  Pylon  
  194  11:06  Zealot x2  
  194  11:08  Archon  
  132  11:19  Zealot x4  
  132  11:24  Zealot  
Show
View Real Time Build Order
Export as new Build Order

YouTubeMan Terran - Winner!

Build Orders: Cyclone Opening 

Get SALT Encoding   

  12  0:00  SCV  
  13  0:12  SCV  
  14  0:18  Supply Depot  
  14  0:24  SCV  
  15  0:40  SCV  
  15  0:41  Barracks  
  16  0:44  Refinery  
  16  0:52  SCV  
  16  0:56  Refinery  
  17  1:04  SCV  
  18  1:16  SCV  
  19  1:28  Orbital Command, Reaper  
  19  1:31  Supply Depot  
  20  1:45  Factory  
  20  1:54  SCV  
  21  2:00  Barracks Reactor  
  21  2:06  SCV  
  22  2:18  SCV  
  23  2:27  Command Center  
  23  2:30  SCV  
  23  2:35  Cyclone  
  26  2:38  Reaper  
  26  2:41  Reaper  
  26  2:43  SCV  
  29  2:51  Supply Depot  
  29  2:56  SCV  
  29  3:08  SCV, Starport  
  29  3:12  Marine x2  
  30  3:13  Factory Tech Lab  
  32  3:20  SCV  
  33  3:30  Marine x2  
  33  3:32  SCV  
  36  3:38  Barracks  
  36  3:43  Factory Tech Lab  
  36  3:44  SCV  
  37  3:51  Marine  
  37  3:57  SCV  
  37  3:58  Marine  
  37  4:01  Raven, Orbital Command  
  40  4:08  Siege Tank  
  40  4:09  SCV  
  44  4:11  Marine  
  44  4:16  Marine  
  46  4:21  SCV  
  46  4:23  Barracks  
  47  4:29  SCV, Marine  
  50  4:33  SCV  
  50  4:40  Siege Tank  
  50  4:41  SCV  
  50  4:42  Supply Depot  
  50  4:43  Marine  
  50  4:45  SCV  
  54  4:52  Stimpack  
  54  4:56  Supply Depot  
  54  5:03  SCV x2, Marine x2, Engineering Bay  
  54  5:04  Marine  
  59  5:12  Starport Reactor  
  59  5:15  SCV  
  59  5:16  SCV  
  59  5:18  Refinery  
  59  5:19  Supply Depot  
  59  5:20  Marauder  
  59  5:21  Marine  
  64  5:23  Combat Shield  
  64  5:24  Marine, Factory Reactor  
  64  5:29  Marauder  
  64  5:31  Supply Depot  
  64  5:32  SCV  
  64  5:34  SCV  
  68  5:38  Marine  
  68  5:41  Marine  
  70  5:42  Terran Infantry Weapons Level 1  
  70  5:43  Supply Depot  
  70  5:44  SCV  
  70  5:46  Marine  
  70  5:49  SCV  
  73  5:50  Marine  
  71  5:59  Marine  
  71  6:00  SCV  
  71  6:03  SCV, Widow Mine x2  
  78  6:04  Marauder  
  78  6:05  Medivac  
  78  6:06  Marine  
  78  6:08  Supply Depot  
  78  6:09  Marine  
  84  6:12  SCV  
  84  6:16  Marine, Medivac  
  88  6:19  Supply Depot, SCV  
  88  6:24  SCV, Marine, Widow Mine  
  93  6:30  Widow Mine  
  93  6:31  Marine x2, Missile Turret  
  97  6:33  SCV  
  97  6:37  Supply Depot  
  97  6:39  Marine  
  99  6:41  Marine  
  99  6:46  Widow Mine  
  102  6:47  Medivac  
  102  6:50  SCV x2  
  102  6:51  Widow Mine  
  102  6:53  Supply Depot, Missile Turret  
  108  6:54  Marine x2  
  110  7:02  SCV  
  110  7:07  Marine x2, Widow Mine  
  115  7:10  SCV  
  115  7:12  Widow Mine  
  118  7:22  Medivac x2  
  122  7:23  Marine  
  122  7:26  SCV, Marine, Command Center  
  122  7:29  Marine  
  123  7:34  Marine  
  123  7:35  SCV  
  124  7:39  SCV  
  125  7:46  Supply Depot  
  125  7:47  SCV  
  125  7:49  Barracks  
  126  7:52  Barracks  
  126  7:54  Marauder  
  126  8:04  Terran Infantry Armor Level 1  
  126  8:05  Supply Depot, SCV, Refinery  
  126  8:10  Marine x2  
  126  8:11  Marauder  
  131  8:16  Marauder  
  131  8:17  SCV  
  134  8:23  Viking x2  
  134  8:25  Ghost Academy  
  138  8:28  Marine  
  138  8:30  SCV  
  138  8:32  Marauder  
  138  8:33  Marine  
  143  8:34  Supply Depot  
  143  8:37  Marine  
  144  8:46  Barracks Tech Lab x2  
  144  8:53  Viking x2  
  144  8:55  Supply Depot  
  148  9:00  Starport  
  148  9:01  Ghost  
  150  9:16  Supply Depot x2, Ghost  
  152  9:22  Missile Turret  
  152  9:23  SCV x2, Missile Turret  
  152  9:28  Viking  
  154  9:31  Viking  
  154  9:38  Orbital Command  
  156  9:43  Viking  
  158  9:47  Viking  
  158  9:52  Marine x2  
  163  9:53  Marine, Marauder  
  163  9:54  Marine  
  163  9:58  SCV  
  165  10:02  Supply Depot  
  165  10:03  Viking  
  165  10:06  Viking  
  169  10:07  Marine  
  169  10:10  Marine  
  171  10:14  Marine x2  
  171  10:15  Marauder x2  
  175  10:23  Viking  
  175  10:25  Marauder  
  175  10:28  Marine  
  180  10:32  Marine  
  180  10:33  Marauder  
  183  10:36  Marine, Marauder  
  183  10:41  Viking  
  184  10:46  Marine  
  184  10:47  Marauder, Viking  
  189  10:50  Marine  
  190  11:01  Viking  
  190  11:03  Marine x2  
  190  11:04  Marine, Marauder  
  196  11:08  Marine, Marauder  
Tags
 
Add a new tag
Caveats
  • Supply blocks, unpowered buildings, or Contaminate may cause inaccurate times.
  • Supply counts are checked every 10 seconds.